Yev-Ruu, chaotic female vampiric Convict ------------- --|...........| |.+.........<.| |^|...........|---- |^|###########|...| |^#...........|...| |^#.--..0.0....00.| |^#..|.-----.--.0.| |^#..|00..%|0||.0.| |^#.--.---.|.--0..| |^#....---.0.0....| |.-##-.......--...| |..^^^.......|----- |..---....[..| ---- ----(|@-- ----- Yev-Ruu the Jail-bird Experience level: 9 Strength: 15 Dexterity: 13 Constitution: 18 Intelligence: 10 Wisdom: 13 Charisma: 8 Health: 77(77) Energy: 57(57) AC: 3 Gold: 763 Moves: 6418 Your Inventory: Coins $ - 763 gold pieces Armor v - an [uncursed] +0 dwarvish mithril-coat (being worn) B - an [uncursed +0] mummy wrapping L - an [uncursed] +0 leather hat [elven leather helm] (being worn) P - an [uncursed] thoroughly rotted +0 elven cloak (being worn) Scrolls n - a [cursed] scroll labeled LOREN IPSUM [of teleportation] z - an [uncursed] scroll labeled ANDOVA BEGARIN [of enchant armor] T - an [uncursed] scroll labeled LOREN IPSUM [of teleportation] Rings U - a [cursed] amber ring [of aggravate monster] Wands e - an [uncursed] silver wand [of probing (0:5)] g - an [uncursed] wand of fire [0:6] l - an [uncursed] wand called Tele [of teleportation (0:1)] S - an [uncursed] wand of lightning [0:3] Tools t - an [uncursed tallow] candle Gems q - an [uncursed] stone called Touch [touchstone] r - an [uncursed] orange gem [worthless glass] x - an [uncursed] stone called Flint [flint] Iron balls c - an [uncursed] rusty heavy iron ball (weapon in hand) Spells known in the end: Name Level Category Fail Memory a - stone to flesh 3 healing 100% [|||||||.] Your skills at the end: Fighting Skills Weapon Skills flail [Basic / Expert] sling [Basic / Skilled] Spellcasting Skills Final Attributes: You were piously aligned. Hunger level was -23. Your alignment was 37 / 42. Monster difficulty range was 1 - 8. Level difficulty was 7. You were immune to poison. You were immune to level-drain. You were immune to sickness. You were stealthy. You could fly. You could survive without air. You regenerated. You were unlucky (-3). Tymora was angry with you (1). You survived. Vanquished creatures: a disenchanter 8 black puddings 2 rodents of unusual size a pyrolisk a freezing sphere a shocking sphere an incubus a giant beetle a panther a black light an orc mummy 8 brown puddings 3 rust monsters a werewolf 4 Green-elves a dog a housecat a dust vortex 2 gnome mummies a wood nymph a water nymph 6 Uruk-hai an orc shaman a rock piercer 3 enormous rats 3 yellow lights a violet fungus 3 gnome lords 2 gnomish wizards a guardian naga hatchling a gray ooze 2 barrow wights a giant ant a floating eye a kitten 4 dwarves a kobold shaman a rothe a giant bat 2 iguanas an acid blob 2 coyotes a gas spore 2 hobbits a hobgoblin 5 giant rats a cave spider a yellow mold a red mold 15 gnomes 4 garter snakes 2 gnome zombies a gecko 13 jackals 2 foxes a kobold 4 goblins 3 grid bugs 5 lichens 5 newts 148 creatures vanquished. Voluntary challenges: You went without food. You never hit with a wielded weapon. You read items or engraved 5 times. You put on armor 21 times. You never genocided any monsters. You never polymorphed an object. You never changed form. You used no wishes. You abstained from Elbereth's help. You never encountered a bones level. You never used any Sokoban shortcuts. Dungeon overview: The Dungeons of Doom: levels 1 to 8 Level 1 a long staircase Level 3 a potion shop, a fountain stairs to The Gnomish Mines Level 4 a fountain Level 5 a fountain, a sink Level 6 (Ninfa) a fountain Level 7 many fountains Level 8 stairs to Sokoban The Gnomish Mines: levels 4 to 5 Level 4 stairs to The Dungeons of Doom Sokoban: Level 7 <- You were here a magic chest stairs to The Dungeons of Doom History has recorded: On T:1 you entered the Dungeons of Doom to retrieve the Amulet of Yendor! On T:279 you advanced to experience level 2. On T:329 you reached level 2 of The Dungeons of Doom. On T:636 you advanced to experience level 3. On T:848 you advanced to experience level 4. On T:945 you reached level 3 of The Dungeons of Doom. On T:1186 you reached level 1 of The Gnomish Mines. On T:1197 you advanced to experience level 5. On T:1289 you advanced to experience level 6. On T:1436 you reached level 2 of The Gnomish Mines. On T:1757 you advanced to experience level 7. On T:1896 you reached level 4 of The Dungeons of Doom. On T:2099 you reached level 5 of The Dungeons of Doom. On T:2605 you advanced to experience level 8. On T:2746 you reached level 6 of The Dungeons of Doom. On T:3239 you advanced to experience level 9. On T:3323 you reached level 7 of The Dungeons of Doom. On T:4767 you reached level 8 of The Dungeons of Doom. On T:5341 you reached level 3 of Sokoban. Latest messages: You regain consciousness. [HP+1=71] [61 turns] [HP+1=72] [HP+1=73] [HP+1=74] [HP+1=75] [HP+1=76] Hit points restored. [HP+1=77] [7 turns] You stop searching. You faint from lack of food. You regain consciousness. [28 turns] You begin praying to Tymora. You finish your prayer. You feel that Tymora is displeased. [3 turns] You are already wielding that! Final status: Goodbye Yev-Ruu the Convict... You quit in Sokoban on dungeon level 7 with 12467 points, and 763 pieces of gold, after 6418 moves. You were level 9 with a maximum of 77 hit points when you quit.